 Dungeon Crawl Stone Soup version 0.29.1-14-g9c671dbff4 (webtiles) character file.

Game seed: 4491171951663853408

25 promet the Ducker (level 2, -5/18 HPs)
             Began as a Deep Elf Monk on Feb 16, 2023.
             Slain by Terence
             ... wielding a +0 hand axe
              (8 damage)
             ... on level 2 of the Dungeon.
             The game lasted 00:04:56 (1842 turns).

promet the Ducker (Deep Elf Monk)                   Turns: 1842, Time: 00:04:57

Health: -5/18      AC:  2    Str:  8    XL:     2   Next: 86%
Magic:  4/4        EV: 14    Int: 14    God:
Gold:   50         SH:  0    Dex: 17    Spells: 1/1 levels left

rFire   . . .      SeeInvis .     - Unarmed
rCold   . . .      Faith    .   (no shield)
rNeg    . . .      Spirit   .   a - +0 robe
rPois   .          Reflect  .   (no helmet)
rElec   .          Harm     .   (no cloak)
rCorr   .          Rampage  .   (no gloves)
Will    .....                   (no boots)
Stlth   ++........              (no amulet)
HPRegen 0.06/turn               (no ring)
MPRegen 0.09/turn               (no ring)

@: no status effects
A: no striking features
a: no special abilities


You were on level 2 of the Dungeon.
You visited 1 branch of the dungeon, and saw 2 of its levels.

You collected 50 gold pieces.

Inventory:

Hand Weapons
 f - a +2 vampiric whip
Missiles
 c - 16 stones (quivered)
 e - 4 atropa-tipped darts
Armour
 a - a +0 robe (worn)
Scrolls
 j - 2 scrolls of vulnerability


   Skills:
 + Level 2.7 Fighting
 + Level 4.0 Dodging
 + Level 3.0 Stealth
 + Level 2.7 Unarmed Combat


You had one spell level left.
You didn't know any spells.
Your spell library was empty.

Dungeon Overview and Level Annotations

Branches:
Dungeon (2/15)

Altars:

Annotations:
D:2 Terence


Message History

You hit Terence.
Terence is heavily wounded.
Terence hits you with a +0 hand axe!
* * * LOW HITPOINT WARNING * * *
You are confused.
You feel invigorated. Terence closely misses you.
You're too confused to move!
Terence misses you.
You hit Terence but do no damage.
Terence is heavily wounded.
Terence closely misses you.
You bump into the rock wall.
Terence closely misses you.
You hit Terence but do no damage.
Terence is heavily wounded.
Terence hits you with a +0 hand axe.
You closely miss Terence.
Terence is heavily wounded.
Terence hits you with a +0 hand axe!
Ouch! That really hurt!
You bump into the rock wall.
You feel less invigorated.
You feel less confused. Terence hits you with a +0 hand axe.
You hit Terence.
Terence is heavily wounded.
Terence hits you with a +0 hand axe.
You barely miss Terence.
Terence is heavily wounded.
Terence closely misses you.
You hit Terence.
Terence is heavily wounded.
Terence hits you with a +0 hand axe.
* * * LOW HITPOINT WARNING * * *
You hit Terence but do no damage.
Terence is heavily wounded.
You hit Terence.
Terence is severely wounded.
Terence barely misses you.
You hit Terence.
Terence is almost dead.
Terence hits you with a +0 hand axe!
You die...

####! #.# ....##.#
...#.#
#####.#.####.#
#............#
#.###.#.######
#.....#......#.#.#
##...##.<.........
#..@##..<##.#.#.#
#..@##......#
#.(.##...####
#...##....
....##..###
..#####..# ... ...
.... ###.


You could see Terence.

Vanquished Creatures
  2 endoplasms (D:1)
  2 giant cockroaches (D:1)
  2 goblins (D:1)
  4 hobgoblins (D:1)
  3 kobolds (D:1)
  3 ball pythons (D:1)
  5 bats (D:1)
21 creatures vanquished.

Notes
Turn   | Place    | Note
-------+----------+-------------------------------------------
     0 | D:1      | promet the Deep Elf Monk began the quest for the Orb.
     0 | D:1      | Reached XP level 1. HP: 13/13 MP: 3/3
   897 | D:1      | Reached XP level 2. HP: 9/18 MP: 4/4
  1262 | D:1      | Found a faded altar of an unknown god.
  1555 | D:1      | Reached skill level 4 in Dodging
  1807 | D:2      | Noticed Terence
  1842 | D:2      | Slain by Terence

Illustrated notes

Levels and vault maps discovered:
D:1:      amcnicky_arrival_underground_garden, layout_basic,
          basic_ecumenical_altar, nicolae_kite_square_tiling_tiny,
          grunt_decor_junction
D:2:      layout_basic, uniq_robin, uniq_crazy_yiuf_cottage, uniq_terence

Skill      XL: |  1  2 |
---------------+-------+-----
Stealth        | 3 |  3.0
Dodging        | 4 |  4.0
Fighting       | |  2.7
Unarmed Combat | |  2.7

Action                   || total
-------------------------++-------
Melee: Unarmed           ||   144
       Punch             ||     4
  Use: Scroll            ||     6
       Potion            ||     4
 Stab: Sleeping          ||     6
Armor: Robe              ||    13
Dodge: Dodged            ||   107
